 Dungeon Crawl Stone Soup version 0.20-a0-1006-ge6c5631 (webtiles) character file.

42 Lindan9 the Vexing (level 3, 0/24 HPs)
             Began as a Vampire Enchanter on Apr 13, 2017.
             Slain by a phantom (2 damage)
             ... on level 4 of the Dungeon.
             The game lasted 00:01:32 (344 turns).

Lindan9 the Vexing (Vampire Enchanter)               Turns: 344, Time: 00:01:33

Health: 0/24       AC:  2    Str:  7    XL:     3   Next: 33%
Magic:  6/6        EV: 12    Int: 18    God:
Gold:   16         SH:  0    Dex: 14    Spells: 5/6 levels left

rFire    . . .     SeeInvis +   a - +1 dagger
rCold    . . .     Gourm    .   (no shield)
rNeg     + . .     Faith    .   b - +0 robe
rPois    .         Spirit   .   (no helmet)
rElec    .         Reflect  .   (no cloak)
rCorr    .         Harm     .   (no gloves)
MR       .....                  (no boots)
Stlth    +++.......             (no amulet)
Regen    0.1/turn               (no ring)
MPRegen  0.1/turn               (no ring)

@: no status effects
A: fangs 3, see invisible, unbreathing
a: Bat Form


You were on level 4 of the Dungeon.
You were not thirsty.

You visited 1 branch of the dungeon, and saw 4 of its levels.

You collected 16 gold pieces.

Inventory:

Hand Weapons
 a - a +1 dagger (weapon)
Armour
 b - a +0 robe (worn)
Scrolls
 e - a scroll of immolation {unknown}
 f - 2 scrolls of teleportation {unknown}
 g - a scroll of magic mapping {unknown}
 h - a scroll of blinking {unknown}
 i - a scroll of remove curse {unknown}
 j - a scroll of identify {unknown}
Potions
 d - 2 potions of blood
Books
 c - a book of Maledictions

   Spells                             Type                      Level
   a - Corona                         Hexes                        1
   b - Ensorcelled Hibernation        Hexes/Ice                    2
   c - Confuse                        Hexes                        3
   d - Tukima's Dance                 Hexes                        3
   e - Dazzling Spray                 Conjuration/Hexes            3


   Skills:
 + Level 2.1 Short Blades
 + Level 2.2 Dodging
 + Level 5.1 Stealth
 + Level 2.1 Spellcasting
 + Level 5.2 Hexes


You had 5 spell levels left.
You knew the following spells:

 Your Spells              Type           Power        Failure   Level  Hunger
a - Corona                Hex            ###....      1%          1    #......


Dungeon Overview and Level Annotations

Branches:
Dungeon (4/15)
 Temple: D:4-7

Altars:


Innate Abilities, Weirdness & Mutations

You have razor-sharp teeth.
You have supernaturally acute eyesight. (SInv)
You can survive without breathing.


Message History

Your Stealth skill increases to level 5!
Your Hexes skill increases to level 5!
You have reached level 3!
Your experience leads to an increase in your attributes!
Increase (S)trength, (I)ntelligence, or (D)exterity?
You feel clever.
You can now transform into a vampire bat.
The helpless orc fails to defend itself.
You impale the orc!!
You kill the orc!
Found 8 stones.
Things that are here:
a flail; a leather armour; an orc corpse The phantom hits you.
An orc wizard comes into view. It is wielding a dagger.
The orc wizard shouts!
You hear a shout!
The phantom hits you!
* * * LOW HITPOINT WARNING * * *
You barely miss the phantom. The phantom hits you.
You die...

...###
####.....
........# #
...##...#.#
....#...#.###..
.......<)......
.#..#.#)#.#.#..
#......#.#.#
#.##.W@o...#
#.(........#
#...#......#
#...#......#
.... #......#
.... ####+#.#
..# .# #


You could see a phantom and an orc wizard.

Vanquished Creatures
  An orc priest (D:4)
  An ooze (D:1)
  A leopard gecko (D:1)
  An orc (D:4)
  2 bats (D:1)
  A frilled lizard (D:1)
  2 rats (D:1)
9 creatures vanquished.

Notes
Turn   | Place    | Note
-------+----------+-------------------------------------------
     0 | D:1      | Lindan9 the Vampire Enchanter began the quest for the Orb.
     0 | D:1      | Reached XP level 1. HP: 13/13 MP: 3/3
   171 | D:1      | Reached XP level 2. HP: 5/19 MP: 5/5
   338 | D:4      | Noticed a phantom
   339 | D:4      | Reached skill level 5 in Stealth
   339 | D:4      | Reached skill level 5 in Hexes
   339 | D:4      | Reached XP level 3. HP: 13/24 MP: 6/6
   344 | D:4      | Slain by a phantom

Vault maps used:
D:1:      lightli_arrival_noodles, minmay_misc_feat_encased,
          roderic_serpentine_path, minmay_door_square
D:2:      first_bread
D:3:      corexii_hall_statues_deadend, hex_tiny, st_stairs_10
D:4:      lemuel_upstairs_altar, overflow_temple_1_default,
          yredelemnul_altar_generic, serial_shops, nicolae_shop_stone,
          lemuel_blue_sif_altar, uniq_sigmund

Skill      XL: |  1  2 |
---------------+-------+-----
Short Blades   | 2 |  2.1
Stealth        | 5 |  5.1
Hexes          | 5 |  5.2
Dodging        | |  2.2
Spellcasting   | |  2.1

Action                   || total
-------------------------++-------
Melee: Dagger            ||    37
       Bite              ||     3
 Stab: Sleeping          ||     2
Armor: Robe              ||    10
Dodge: Dodged            ||    31
